 Dungeon Crawl Stone Soup version 0.24.0-13-gcf9b3192b9 (webtiles) character file.

Game seed: 4602983992515831090, levelgen mode: deterministic

896 Amplified the Sneak (level 8, 0/48 HPs)
             Began as a Kobold Wizard on Nov 8, 2019.
             Was an Initiate of Sif Muna.
             Slain by an iguana (12 damage)
             ... on level 6 of the Dungeon.
             The game lasted 00:17:11 (8086 turns).

Amplified the Sneak (Kobold Wizard)                 Turns: 8086, Time: 00:17:12

Health: 0/48       AC:  3    Str:  4    XL:     8   Next: 28%
Magic:  16/16      EV: 15    Int: 22    God:    Sif Muna [......]
Gold:   209        SH:  0    Dex: 13    Spells: 7/18 levels left

rFire    + . .     SeeInvis +   f - +0 rapier
rCold    + . .     Gourm    .   (shield restricted)
rNeg     . . .     Faith    .   a - +0 robe
rPois    +         Spirit   .   b - +1 hat
rElec    .         Reflect  .   e - scarf {rC+ rF+}
rCorr    .         Harm     .   (no gloves)
MR       .....                  (no boots)
Stlth    +++.......             (no amulet)
HPRegen  0.16/turn              c - ring of poison resistance
MPRegen  0.15/turn              o - ring of see invisible

@: no status effects
A: small, claws 1, carnivore, MP-powered wands
a: Renounce Religion


You were on level 6 of the Dungeon.
You worshipped Sif Muna.
Sif Muna was noncommittal.
You were not hungry.

You visited 2 branches of the dungeon, and saw 8 of its levels.
You also visited: Sewer.

You collected 209 gold pieces.

Inventory:

Hand Weapons
 f - a +0 rapier (weapon)
 g - a +1 dagger
Missiles
 m - a poisoned dart (quivered)
Armour
 a - a +0 robe (worn)
 b - a +1 hat (worn)
 e - a scarf of resistance (worn)
 k - a cursed +0 leather armour
Jewellery
 c - a ring of poison resistance (left claw)
 o - a ring of see invisible (right claw)
Scrolls
 h - a scroll of amnesia
Potions
 i - a potion of magic
Comestibles
 d - 6 rations


   Skills:
 * Level 4.6 Fighting
 - Level 2.4 Dodging
 * Level 6.9 Stealth
 * Level 5.5 Spellcasting
 * Level 4.3 Conjurations
 - Level 1.0 Summonings
 - Level 1.0 Translocations


You had 7 spell levels left.
You knew the following spells:

 Your Spells              Type           Power        Failure   Level  Hunger
a - Magic Dart            Conj           ####         1%          1    None
b - Blink                 Tloc           N/A          10%         2    None
c - Call Imp              Summ           ##......     10%         2    None
d - Conjure Flame         Conj/Fire      ###.....     12%         3    ##.....
e - Mephitic Cloud        Conj/Pois/Air  ##......     16%         3    ##.....

Your spell library contained the following spells:

 Spells                   Type           Power        Failure   Level  Hunger
 Slow                     Hex            #.......     14%         2    None


Dungeon Overview and Level Annotations

Branches:
Dungeon (7/15)             Temple (1/1) D:5           Sewer (visited)

Altars:
Ashenzari
Cheibriados
Dithmenos
Elyvilon
Gozag
Hepliaklqana
Kikubaaqudgha
Makhleb
Okawaru
Qazlal
Ru
Sif Muna
Trog
Uskayaw
Vehumet
Wu Jian
Xom
Yredelemnul
Zin

Annotations:
D:3 Grinder, Terence


Innate Abilities, Weirdness & Mutations

You are small and have problems with some larger weapons.
You are carnivorous and can eat meat at any time.
You have sharp fingernails.
You expend magic power (3 MP) to strengthen your wands.


Message History

Press: ? - help, Shift-Dir - straight line, f/p - crimson imp
Aim: a crimson imp You throw a poisoned dart.
The poisoned dart hits the iguana.
The iguana looks even sicker.
The iguana is moderately wounded.
Throwing (i - inventory)
m - 3 poisoned darts (quivered)
Press: ? - help, Shift-Dir - straight line, f/p - crimson imp
Aim: a crimson imp You throw a poisoned dart.
The poisoned dart barely misses the iguana.
The poisoned dart closely misses the crimson imp.
The iguana bites you!
* * * LOW HITPOINT WARNING * * *
Throwing (i - inventory)
m - 2 poisoned darts (quivered)
Press: ? - help, Shift-Dir - straight line, f/p - crimson imp
Aim: a crimson imp You throw a poisoned dart.
The poisoned dart barely misses the iguana.
The poisoned dart hits the crimson imp.
The iguana bites you!
You die...

.....#..#
.....#..#
....... .sc..##
###...# # .#
#.# .# .#
#.##.##### .#
#....#(..######
#####..#
#.#5.(l@.#
....s..#
#.#..###.#
#####..###.#..#
.# #......#..#
.# ######....#
.# #.#......#
#l######## ..#
###


You could see an iguana and a crimson imp.

Vanquished Creatures
  Sigmund (D:4)
  An ice beast (D:5)
  A bullfrog (Sewer)
  A scorpion (D:7)
  2 hounds (D:4)
  A centaur skeleton (D:4)
  Natasha (D:4)
  A worker ant (D:4)
  2 orc wizards (D:7)
  A hound skeleton (D:5)
  7 adders
  A gnoll (D:6)
  A howler monkey skeleton (D:2)
  3 river rats (D:3)
  11 oozes
  2 adder skeletons (D:5)
  4 dart slugs
  6 leopard geckos
  2 orcs
  7 giant cockroaches
  5 hobgoblins
  A quokka (D:2)
  5 ball pythons
  10 bats
  5 frilled lizards
  8 goblins
  7 kobolds
  9 rats
106 creatures vanquished.

Vanquished Creatures (collateral kills)
  A bullfrog (Sewer)
  Jessica (D:2)
  3 adders (Sewer)
  A gnoll (D:6)
  5 oozes
  A worm (D:4)
  10 leopard geckos (Sewer)
  7 ball pythons (Sewer)
  A bat (D:2)
  6 giant cockroaches (Sewer)
  10 frilled lizards (Sewer)
46 creatures vanquished.

Grand Total: 152 creatures vanquished

Notes
Turn   | Place    | Note
-------+----------+-------------------------------------------
     0 | D:1      | Amplified the Kobold Wizard began the quest for the Orb.
     0 | D:1      | Reached XP level 1. HP: 10/10 MP: 4/4
    84 | D:1      | Reached skill level 3 in Stealth
    84 | D:1      | Reached XP level 2. HP: 12/16 MP: 0/6
   330 | D:1      | Reached skill level 1 in Fighting
   334 | D:1      | Learned a level 2 spell: Blink
   752 | D:1      | Reached XP level 3. HP: 7/20 MP: 6/8
  1180 | D:2      | Learned a level 2 spell: Call Imp
  1195 | D:2      | Learned a level 3 spell: Conjure Flame
  1675 | D:2      | Reached XP level 4. HP: 11/25 MP: 6/9
  2167 | D:2      | Found a bloodstained altar of Trog.
  2311 | D:2      | Noticed Jessica
  2341 | D:2      | Killed Jessica
  2341 | D:2      | Reached skill level 4 in Stealth
  2683 | D:3      | Noticed Terence
  2717 | D:3      | Reached XP level 5. HP: 30/30 MP: 10/10
  2753 | D:3      | Gained mutation: You expend magic power (3 MP) to
                  | strengthen your wands. [potion of mutation]
  2753 | D:3      | Gained mutation: You have sharp fingernails. [potion of
                  | mutation]
  3221 | D:3      | Found a glowing drain.
  3225 | Sewer    | Entered a sewer
  3766 | Sewer    | Reached XP level 6. HP: 33/36 MP: 10/12
  4112 | Sewer    | Reached skill level 5 in Stealth
  5211 | D:3      | Noticed Grinder
  5601 | D:4      | Noticed Sigmund
  5623 | D:4      | Learned a level 3 spell: Mephitic Cloud
  5640 | D:4      | Reached XP level 7. HP: 29/41 MP: 5/14
  5834 | D:4      | Killed Sigmund
  5834 | D:4      | Reached skill level 6 in Stealth
  5834 | D:4      | Reached skill level 5 in Spellcasting
  5846 | D:4      | Found a snail-covered altar of Cheibriados.
  6169 | D:4      | Noticed Natasha
  6505 | D:4      | Killed Natasha
  6587 | D:5      | Entered Level 5 of the Dungeon
  6733 | D:5      | Found a staircase to the Ecumenical Temple.
  6742 | Temple   | Entered the Ecumenical Temple
  6928 | Temple   | Became a worshipper of Sif Muna the Loreminder
  6993 | D:5      | Found an opulent altar of Gozag.
  7002 | D:5      | Found a shattered altar of Ashenzari.
  7031 | D:5      | Found a shimmering altar of Xom.
  7094 | D:5      | Reached XP level 8. HP: 48/48 MP: 13/16
  7124 | D:5      | Found a radiant altar of Vehumet.
  7150 | D:5      | Found a basalt altar of Yredelemnul.
  8086 | D:6      | Slain by an iguana

Levels and vault maps discovered:
D:1:      psy_arrival_fountain, layout_loops_ring, st_stairs_7,
          minmay_misc_feat_alley
D:2:      layout_basic, bloody_trog, uniq_jessica
D:3:      layout_rooms, gup_sewer_entry_bowl, serial_rivers,
          chequers_serial_rivers_micro_c, chequers_serial_rivers_marsh,
          chequers_serial_rivers_micro_b, chequers_serial_rivers_room_b,
          chequers_serial_rivers_micro_e, chequers_serial_rivers_micro_c,
          uniq_grinder, uniq_terence
D:4:      layout_gridville, kennysheep_slug_shrine, uniq_sigmund, uniq_natasha
D:5:      layout_layer_cave, nicolae_overflow_quartered_altars,
          minmay_temple_entry_arrows, first_ration, basic_altar
D:6:      layout_basic
D:7:      layout_basic, tso_metal_star, basic_altar, the_bakery,
          nicolae_ru_sacrificial_ziggurat
Temple:   minmay_temple_bridge_abc

Skill      XL: |  1  2  3  4  5  6  7 |
---------------+----------------------+-----
Stealth        | 3 4 5 6 |  6.9
Fighting       | 1 2 3 4 |  4.6
Conjurations   | 2 3 4 |  4.3
Spellcasting   | 4 5 |  5.5
Dodging        | |  2.4
Summonings     | |  1.0
Translocations | |  1.0

Action                   |  1- 3 |  4- 6 |  7- 9 || total
-------------------------+-------+-------+-------++-------
Melee: Unarmed           |    17 |       |       ||    17
       Dagger            |   100 |   344 |    21 ||   465
       Rapier            |       |       |   108 ||   108
Throw: Dart              |       |    12 |    28 ||    40
 Cast: Magic Dart        |    51 |    18 |     1 ||    70
       Call Imp          |     1 |    44 |     3 ||    48
       Blink             |     1 |     5 |     1 ||     7
       Mephitic Cloud    |       |     2 |    20 ||    22
  Use: Scroll            |     6 |     5 |     3 ||    14
       Potion            |     1 |     9 |     4 ||    14
 Stab: Sleeping          |     4 |     7 |     3 ||    14
       Distracted        |       |     6 |       ||     6
       Confused          |       |     2 |    11 ||    13
  Eat: Chunk             |     2 |    16 |     6 ||    24
       Ration            |       |     1 |       ||     1
Armor: Robe              |    30 |    96 |    18 ||   144
Dodge: Dodged            |   127 |   370 |   110 ||   607
